 Dungeon Sprint DCSS version 0.20.1-1-g8b1a95d (webtiles) character file.

5342 Kingsmith the Blocker (level 10, -3/101 HPs)
             Began as a Minotaur Fighter on Dec 12, 2017.
             Was a High Priest of the Shining One.
             Slain by a catoblepas (7 damage)
             ... in the Dungeon (Sprint IX: "|||||||||||||||||||||||||||||").
             The game lasted 00:03:14 (1061 turns).

Kingsmith the Blocker (Minotaur Fighter)            Turns: 1061, Time: 00:03:15

Health: -3/101     AC: 13    Str: 23    XL:     10   Next: 38%
Magic:  14/14      EV:  2    Int:  8    God:    the Shining One [*****.]
Gold:   0          SH:  0    Dex: 11    Spells: 9/9 levels left

rFire    . . .     SeeInvis .   o - +2 scimitar (flame)
rCold    . . .     Gourm    .   c - +0 shield
rNeg     + + +     Faith    .   q - +1 scale mail
rPois    ∞         Spirit   .   (helmet restricted)
rElec    .         Reflect  .   a - +0 cloak
rCorr    .         Harm     .   p - +0 pair of gloves
MR       .....     NoTele   +   (no boots)
Stlth    ..........             (no amulet)
Regen    0.3/turn               b - +3 ring of intelligence
MPRegen  0.2/turn               r - +2 ring of evasion

@: petrified, glowing
A: retaliatory headbutt, horns 2
a: Divine Shield, Cleansing Flame, Summon Divine Warrior, Renounce Religion


You were in the Dungeon.
You worshipped the Shining One.
The Shining One was extremely pleased with you.
You were not hungry.

You visited 1 branch

Inventory:

Hand Weapons
 o - a +2 scimitar of flaming (weapon)
Armour
 a - a +0 cloak (worn)
 c - a +0 shield (worn)
 p - a +0 pair of gloves (worn)
 q - a +1 scale mail (worn)
Jewellery
 b - a +3 ring of intelligence (left hand)
 r - a +2 ring of evasion (right hand)
Wands
 n - a wand of iceblast (7/15)
Scrolls
 k - 3 scrolls of blinking
 l - 3 scrolls of remove curse
 m - 2 scrolls of amnesia
 t - 2 scrolls of enchant armour
 u - 2 scrolls of identify
 v - a scroll of fear
Potions
 d - 3 potions of might
 e - 5 potions of curing
 g - 3 potions of heal wounds
 h - a potion of haste
 i - 3 potions of magic
 j - a potion of berserk rage
 s - a potion of brilliance
Comestibles
 f - 2 bread rations


   Skills:
 * Level 13.5 Fighting
 * Level 13.3 Long Blades
 * Level 13.6 Armour
 + Level 8.8 Dodging
 * Level 13.7 Shields
 + Level 6.8 Invocations


You had 9 spell levels left.
You didn't know any spells.

Dungeon Overview and Level Annotations

Branches:
Dungeon (1/1)

Altars:
Cheibriados
Dithmenos
Elyvilon
Fedhas
Gozag
Hepliaklqana
Kikubaaqudgha
Makhleb
Nemelex Xobeh
Okawaru
Qazlal
Ru
Sif Muna
Trog
Uskayaw
Vehumet
Xom
Yredelemnul
Zin
The Shining One
Beogh
Jiyva
Lugonu


Innate Abilities, Weirdness & Mutations

You reflexively headbutt those who attack you in melee.
You have a pair of horns on your head.


Message History

Unknown command.
Unknown command.
The catoblepas breathes a plume of calcifying dust at you.
The blast of calcifying dust hits you!
* * * LOW HITPOINT WARNING * * *
The catoblepas breathes a plume of calcifying dust at you.
The blast of calcifying dust hits you!
You have turned to stone.
You are engulfed in calcifying dust.
The catoblepas breathes a plume of calcifying dust at you.
The blast of calcifying dust hits you!
* * * LOW HITPOINT WARNING * * *
You are engulfed in calcifying dust. x2
The catoblepas breathes a plume of calcifying dust at you.
The blast of calcifying dust hits you!
You are engulfed in calcifying dust.
The catoblepas gores you!
* * * LOW HITPOINT WARNING * * *
You are engulfed in calcifying dust.
The catoblepas gores you!!
* * * LOW HITPOINT WARNING * * *
The catoblepas gores you!
You die...

▓▓▓▓▓▓▓▓▓▓▓▓▓▓▓▓▓▓▓▓▓▓▓▓▓
.......÷÷....§§.@YYYYYY..
▓▓▓▓▓▓▓▓▓▓▓▓▓▓▓▓▓▓▓▓▓▓▓▓▓▓▓▓▓▓▓▓▓
.............)...................
▓▓▓▓▓▓▓▓▓▓▓▓▓▓▓▓▓▓▓▓▓▓▓▓▓▓▓▓▓▓▓▓▓
_____________.____'!.|)..[..[....
▓▓▓▓▓▓▓▓▓▓▓▓▓▓▓▓▓▓▓▓▓▓▓▓▓▓▓▓▓▓▓▓▓


You could see 3 death yaks, a catoblepas and 2 yaks.

Vanquished Creatures
  A hydra (D)
  A catoblepas (D)
  2 black mambas (D)
  2 spiny frogs (D)
  2 komodo dragons (D)
  A slime creature (D)
  3 yaks (D)
  Grum (D)
  2 basilisks (D)
  A water moccasin (D)
  2 porcupines (D)
  An ice beast (D)
  A sky beast (D)
  3 wolves (D)
  2 centaurs (D)
  7 bullfrogs (D)
  2 worker ants (D)
  An adder (D)
  A shadow imp (D)
  An adder skeleton (D)
  An orc (D)
  A bat (D)
  A bat zombie (D)
  A goblin (D)
  2 hobgoblins (D)
  A quokka (D)
  A frilled lizard (D)
  A kobold (D)
46 creatures vanquished.

Notes
Turn   | Place    | Note
-------+----------+-------------------------------------------
     0 | D        | Kingsmith the Minotaur Fighter began the quest for the Orb.
     0 | D        | Reached XP level 1. HP: 19/19 MP: 0/0
    34 | D        | Noticed an ice beast
    34 | D        | Noticed a centaur
    39 | D        | Killed an ice beast
    39 | D        | Reached skill level 5 in Long Blades
    39 | D        | Reached XP level 2. HP: 29/30 MP: 1/1
    39 | D        | Reached XP level 3. HP: 36/37 MP: 2/2
    39 | D        | Reached XP level 4. HP: 43/44 MP: 3/3
    50 | D        | Killed a centaur
    50 | D        | Reached XP level 5. HP: 49/52 MP: 4/4
    57 | D        | Found a roughly hewn altar of Beogh.
    57 | D        | Found a snail-covered altar of Cheibriados.
    57 | D        | Found a shadowy altar of Dithmenos.
    57 | D        | Found a white marble altar of Elyvilon.
    57 | D        | Found a blossoming altar of Fedhas.
    57 | D        | Found an opulent altar of Gozag.
    58 | D        | Found a hazy altar of Hepliaklqana.
    59 | D        | Found a viscous altar of Jiyva.
    60 | D        | Found an ancient bone altar of Kikubaaqudgha.
    61 | D        | Found a corrupted altar of Lugonu.
    62 | D        | Found a burning altar of Makhleb.
    63 | D        | Found a sparkling altar of Nemelex Xobeh.
    64 | D        | Found an iron altar of Okawaru.
    65 | D        | Found a stormy altar of Qazlal.
    66 | D        | Found a sacrificial altar of Ru.
    67 | D        | Found a deep blue altar of Sif Muna.
    68 | D        | Found a bloodstained altar of Trog.
    69 | D        | Found a hide-covered altar of Uskayaw.
    70 | D        | Found a radiant altar of Vehumet.
    72 | D        | Found a shimmering altar of Xom.
    73 | D        | Found a basalt altar of Yredelemnul.
    74 | D        | Found a glowing silver altar of Zin.
    75 | D        | Found a glowing golden altar of the Shining One.
    83 | D        | Became a worshipper of the Shining One
   129 | D        | Reached * piety under the Shining One
   136 | D        | Reached XP level 6. HP: 57/61 MP: 5/5
   146 | D        | Noticed a sky beast
   146 | D        | Noticed a slime creature
   146 | D        | Reached ** piety under the Shining One
   146 | D        | Noticed a basilisk
   152 | D        | Killed a slime creature
   152 | D        | Reached skill level 5 in Dodging
   156 | D        | Killed a sky beast
   156 | D        | Reached XP level 7. HP: 52/70 MP: 5/7
   160 | D        | Killed a basilisk
   162 | D        | Reached skill level 10 in Fighting
   162 | D        | Reached skill level 10 in Shields
   164 | D        | Reached skill level 10 in Armour
   246 | D        | Noticed Grum
   246 | D        | Reached *** piety under the Shining One
   258 | D        | Killed Grum
   258 | D        | Reached skill level 10 in Long Blades
   258 | D        | Reached XP level 8. HP: 34/80 MP: 9/9
   532 | D        | Noticed a komodo dragon
   532 | D        | Noticed a komodo dragon
   532 | D        | Reached **** piety under the Shining One
   532 | D        | Noticed a black mamba
   537 | D        | Killed a komodo dragon
   543 | D        | Killed a komodo dragon
   543 | D        | Reached XP level 9. HP: 77/89 MP: 11/11
   547 | D        | Killed a black mamba
   547 | D        | Reached skill level 5 in Invocations
   741 | D        | Noticed a four-headed hydra
   741 | D        | Reached ***** piety under the Shining One
   741 | D        | Noticed a black mamba
   741 | D        | Noticed a spiny frog
   745 | D        | Killed a one-headed hydra
   751 | D        | Noticed a spiny frog
   753 | D        | Noticed a catoblepas
   761 | D        | Killed a black mamba
   776 | D        | Killed a spiny frog
   776 | D        | Reached XP level 10. HP: 94/101 MP: 13/13
   807 | D        | Killed a catoblepas
   812 | D        | Killed a spiny frog
  1028 | D        | Noticed a catoblepas
  1028 | D        | Noticed a death yak
  1028 | D        | Noticed a death yak
  1029 | D        | Noticed a death yak
  1060 | D        | HP: 4/101 [catoblepas (12)]
  1061 | D        | Slain by a catoblepas

Skill      XL: |  1  2  3  4  5  6  7  8  9 10 |
---------------+-------------------------------+-----
Fighting       | 6 7 8 9 10 11 13 | 13.5
Shields        | 6 7 8 9 10 11 13 | 13.7
Long Blades    | 5 6 7 8 10 11 12 13 | 13.3
Armour         | 6 7 8 9 10 11 13 | 13.6
Dodging        | 2 3 4 5 6 7 8 |  8.8
Invocations    | 2 3 4 6 |  6.8

Action                   |  1- 3 |  4- 6 |  7- 9 | 10-12 || total
-------------------------+-------+-------+-------+-------++-------
Melee: Long sword        |    21 |    11 |       |       ||    32
       Headbutt          |     4 |     2 |    17 |    10 ||    33
       Scimitar          |       |    18 |    65 |    30 ||   113
Invok: Summon Divine War |       |       |       |     2 ||     2
  Use: Potion            |       |       |       |     5 ||     5
  Eat: Chunk             |       |       |       |     1 ||     1
Armor: Scale mail        |    13 |    10 |     8 |    13 ||    44
Dodge: Dodged            |     4 |    11 |    17 |     9 ||    41
Block: Shield            |    13 |    12 |    24 |     5 ||    54
       Rpst.: Long sword |     1 |     2 |       |       ||     3
       Scimitar          |       |     2 |     3 |     1 ||     6
